 Dungeon Crawl Stone Soup version 0.28.0 (webtiles) character file.

Game seed: 12198835707587762075

5 hito the Vexing (level 1, -1/15 HPs)
             Began as a Formicid Arcane Marksman on Feb 8, 2022.
             Slain by a quokka (3 damage)
             ... on level 1 of the Dungeon.
             The game lasted 00:02:23 (130 turns).

hito the Vexing (Formicid Arcane Marksman)           Turns: 130, Time: 00:02:24

Health: -1/15      AC:  2    Str: 14    XL:     1   Next: 88%
Magic:  2/2        EV: 12    Int: 12    God:
Gold:   0          SH:  0    Dex: 11    Spells: 1/2 levels left

rFire   . . .      SeeInvis +   a - +0 hunting sling
rCold   . . .      Faith    .   (no shield)
rNeg    . . .      Spirit   .   d - +0 robe
rPois   .          Reflect  .   (helmet unavailable)
rElec   .          Harm     .   (no cloak)
rCorr   .          Rampage  .   (no gloves)
Will    .....                   (no boots)
Stlth   +.........              (no amulet)
HPRegen 0.05/turn               (no ring)
MPRegen 0.08/turn               (no ring)

@: no status effects
A: permanent stasis, dig shafts and tunnels, antennae 3, four strong arms
a: Dig, Shaft Self


You were on level 1 of the Dungeon.
You visited 1 branch of the dungeon, and saw 1 of its levels.

Inventory:

Hand Weapons
 a - a +0 hunting sling (weapon)
 b - a +0 club
Missiles
 c - 19 sling bullets (quivered ammo)
Armour
 d - a +0 robe (worn)
 e - a +0 scale mail


   Skills:
 + Level 1.2 Fighting
 + Level 2.3 Slings
 + Level 1.9 Dodging
 + Level 1.2 Spellcasting
 + Level 3.7 Hexes


You had one spell level left.
You knew the following spells:

 Your Spells              Type           Power      Damage    Failure   Level
a - Slow                  Hex            36%        N/A       6%          1

Your spell library contained the following spells:

 Spells                   Type           Power      Damage    Failure   Level
 Inner Flame              Hex/Fire       5%         N/A       38%         3
 Portal Projectile        Hex/Tloc       10%        N/A       38%         3
 Cause Fear               Hex            4%         N/A       54%         4


Dungeon Overview and Level Annotations

Branches:
Dungeon (1/15)

Altars:

Shops:
D:1 :


Innate Abilities, Weirdness & Mutations

You cannot be hasted, slowed, berserked, paralysed or teleported.
You can dig through walls and to a lower floor.
You have a pair of large antennae on your head. (SInv)
Your four strong arms can wield two-handed weapons with a shield.


Message History

Okay, then.
Adjust (i)tems, (s)pells, or (a)bilities?
e - a +0 club Adjust to which letter? (? for menu, Esc to quit)
b - a +0 club;
e - a +0 scale mail
a - a +0 hunting sling (weapon)
b - a +0 club (weapon)
You hit the frilled lizard.
You kill the frilled lizard!
You see here a frilled lizard corpse.
Found Ronov's Book Shop.
A quokka comes into view.
You see here a sling bullet.
c - 19 sling bullets (gained 1)
You see here a sling bullet.
c - 20 sling bullets (gained 1)
You barely miss the quokka. The quokka bites you. The quokka misses you.
You hit the quokka.
The quokka is moderately wounded.
The quokka barely misses you.
You hit the quokka.
The quokka is moderately wounded.
The quokka bites you. The quokka barely misses you.
You hit the quokka.
The quokka is severely wounded.
The quokka barely misses you.
You miss the quokka.
The quokka is heavily wounded.
The quokka bites you. x2
* * * LOW HITPOINT WARNING * * *
a - a +0 hunting sling (weapon)
Fire: 20 sling bullets
Press: ? - help, Q - select action, (/) - cycle Shift-Dir - straight line, f - quokka
Aim: a quokka (heavily wounded, 43% to hit)
You shoot a sling bullet.
The sling bullet closely misses the quokka.
The quokka bites you.
* * * LOW HITPOINT WARNING * * *
The quokka bites you.
You die...

######.8.######
.....### #...#
.##......# #.8.#
.....##.###...###
#......#.#.>.#.## .
#...#....#...#..##
...##...##...#.8.#...#
.........#...#...#...#
#....@.....#.8.#...##
...#..r....†.#...#....#
#.#.....##.......#
#...#..#.###.######
..∩..#.#.# #.#
#...#..... ...
..#.#...#....#..
(..#....###.. #.. ...
#..


You could see a quokka.

Vanquished Creatures
  A dart slug (D:1)
  A kobold (D:1)
  A ball python (D:1)
  A frilled lizard (D:1)
4 creatures vanquished.

Notes
Turn   | Place    | Note
-------+----------+-------------------------------------------
     0 | D:1      | hito the Formicid Arcane Marksman began the quest for the
                  | Orb.
     0 | D:1      | Reached XP level 1. HP: 15/15 MP: 2/2
   118 | D:1      | Found Ronov's Book Shop.
   130 | D:1      | Slain by a quokka

Illustrated notes

Levels and vault maps discovered:
D:1:      lemuel_arrival_hallway, layout_rooms, serial_shops,
          nicolae_diamond_shop

Action                   || total
-------------------------++-------
Melee: Unarmed           ||     9
       Club              ||     6
 Fire: Hunting sling     ||     6
Armor: Robe              ||     3
Dodge: Dodged            ||     6
